TOP OF THE 1ST |
Louisville Stallions batting - Pitching for Rochester Red Wings : RHP Nelson Sanchez
|
Pitching: RHP Nelson Sanchez
|
|
Batting: RHB Stephen Dembowski
|
0-0: Ball 1-0: Ground out 5-3 (Groundball, 5, EV 81.9 MPH)
|
Batting: LHB Steven Mobberley
|
0-0: Ball 1-0: Ball 2-0: Ground out 4-3 (Groundball, 4M, EV 100.6 MPH)
|
Batting: SHB Orestes Destrade
|
0-0: Ball 1-0: Foul Ball, location: 2F 1-1: Called Strike 1-2: Foul Ball, location: 2F 1-2: Strikes out swinging
|
Top of the 1st over - 0 runs, 0 hits, 0 errors, 0 left on base; Louisville 0 - Rochester 0 |
BOTTOM OF THE 1ST |
Rochester Red Wings batting - Pitching for Louisville Stallions : RHP Andy McGaffigan
|
Pitching: RHP Andy McGaffigan
|
|
Batting: RHB Johnnie LeMaster
|
0-0: Called Strike 0-1: Foul Ball, location: 2F 0-2: Ball 1-2: Ball 2-2: Ball 3-2: Strikes out swinging
|
Batting: LHB Ed Amelung
|
0-0: Fly out, F8 (Flyball, 8LD, EV 84.4 MPH)
|
Batting: SHB Jordan Ayala
|
0-0: Ball 1-0: Swinging Strike 1-1: Ground out U3 (Groundball, 3L, EV 87.5 MPH)
|
Bottom of the 1st over - 0 runs, 0 hits, 0 errors, 0 left on base; Louisville 0 - Rochester 0 |
TOP OF THE 2ND |
Louisville Stallions batting - Pitching for Rochester Red Wings : RHP Nelson Sanchez
|
Batting: LHB Lawrence Grahek
|
0-0: Ball 1-0: Called Strike 1-1: Called Strike 1-2: Strikes out swinging
|
Batting: RHB Devin Pike
|
0-0: Swinging Strike 0-1: Ball 1-1: Ball 2-1: Ball 3-1: Called Strike 3-2: Foul Ball, location: 2F 3-2: Ground out 3-1 (Groundball, 34S, EV 84.4 MPH)
|
Batting: LHB Joe Lefebvre
|
0-0: Ground out U3 (Groundball, 13, EV 85.0 MPH)
|
Top of the 2nd over - 0 runs, 0 hits, 0 errors, 0 left on base; Louisville 0 - Rochester 0 |
BOTTOM OF THE 2ND |
Rochester Red Wings batting - Pitching for Louisville Stallions : RHP Andy McGaffigan
|
Batting: RHB Gerry Davis
|
0-0: Ball 1-0: Ball 2-0: Ground out 6-3 (Groundball, 6, EV 99.4 MPH)
|
Batting: LHB Sid Bream
|
0-0: Ball 1-0: Called Strike 1-1: Swinging Strike 1-2: Foul Ball, location: 2F 1-2: Ground out 6-3 (Groundball, 6S, EV 70.0 MPH)
|
Batting: RHB Joe Carter
|
0-0: Called Strike 0-1: Ground out 4-3 (Groundball, 4MS, EV 88.1 MPH)
|
Bottom of the 2nd over - 0 runs, 0 hits, 0 errors, 0 left on base; Louisville 0 - Rochester 0 |
TOP OF THE 3RD |
Louisville Stallions batting - Pitching for Rochester Red Wings : RHP Nelson Sanchez
|
Batting: LHB John Tucker
|
0-0: Called Strike 0-1: Ball 1-1: Ball 2-1: Called Strike 2-2: Ground out 4-3 (Groundball, 4, EV 106.3 MPH)
|
Batting: RHB Gordy Hodgson
|
0-0: DOUBLE (Line Drive, 9LS, EV 102.5 MPH)
|
Batting: RHB Kiko Garcia
|
0-0: Called Strike 0-1: Foul Ball, location: 2F 0-2: TRIPLE (Flyball, 89XD, EV 106.9 MPH) Gordy Hodgson scores
|
Batting: RHB Stephen Dembowski
|
0-0: Fly out, F8 (Flyball, 8RS, EV 76.9 MPH)
|
Batting: LHB Steven Mobberley
|
0-0: Swinging Strike 0-1: Foul Ball, location: 2F 0-2: Ground out 4-3 (Groundball, 34, EV 101.3 MPH)
|
Top of the 3rd over - 1 run, 2 hits, 0 errors, 1 left on base; Louisville 1 - Rochester 0 |
BOTTOM OF THE 3RD |
Rochester Red Wings batting - Pitching for Louisville Stallions : RHP Andy McGaffigan
|
Batting: LHB Dave Falcone
|
0-0: Ball 1-0: Called Strike 1-1: SOLO HOME RUN (Flyball, 9D, EV 103.1 MPH), Distance : 384 ft
|
Batting: RHB Tom Brookens
|
0-0: Ground out 6-3 (Groundball, 6, EV 86.3 MPH)
|
Batting: RHB Jerry Dybzinski
|
0-0: Ball 1-0: Called Strike 1-1: Ball 2-1: Ball 3-1: Ground out U3 (Groundball, 34S, EV 93.1 MPH)
|
Batting: RHB Johnnie LeMaster
|
0-0: SOLO HOME RUN (Line Drive, 9LD, EV 105.0 MPH), Distance : 360 ft
|
Batting: LHB Ed Amelung
|
0-0: Called Strike 0-1: Ball 1-1: Ball 2-1: Called Strike 2-2: Strikes out swinging
|
Bottom of the 3rd over - 2 runs, 2 hits, 0 errors, 0 left on base; Louisville 1 - Rochester 2 |
TOP OF THE 4TH |
Louisville Stallions batting - Pitching for Rochester Red Wings : RHP Nelson Sanchez
|
Batting: SHB Orestes Destrade
|
0-0: Ball 1-0: Foul Ball, location: 2F 1-1: Ball 2-1: DOUBLE (Line Drive, 78D, EV 110.0 MPH)
|
Batting: LHB Lawrence Grahek
|
0-0: Foul Ball, location: 2F 0-1: Ball 1-1: Foul Ball, location: 2F 1-2: Strikes out looking
|
Batting: RHB Devin Pike
|
0-0: Ball 1-0: Ball 2-0: Ball 3-0: Base on Balls
|
Batting: LHB Joe Lefebvre
|
0-0: Ball Orestes Destrade steals 3rd base 1-0: Ball 2-0: Fly out, F9 (Flyball, 9D, EV 78.1 MPH) Runner from 3rd tags up, SCORES, no throw by RF
|
Batting: LHB John Tucker
|
0-0: Fly out, F4 (Flyball, 34D, EV 83.1 MPH)
|
Top of the 4th over - 1 run, 1 hit, 0 errors, 1 left on base; Louisville 2 - Rochester 2 |
BOTTOM OF THE 4TH |
Rochester Red Wings batting - Pitching for Louisville Stallions : RHP Andy McGaffigan
|
Batting: SHB Jordan Ayala
|
0-0: Ball 1-0: Ball 2-0: Ball 3-0: Called Strike 3-1: Base on Balls
|
Batting: RHB Gerry Davis
|
0-0: Called Strike 0-1: Ball Jordan Ayala is caught stealing 2nd base 2-4 1-1: Called Strike 1-2: Foul Ball, location: 2F 1-2: Ball 2-2: SINGLE (Line Drive, 7LS, EV 93.1 MPH)
|
Batting: LHB Sid Bream
|
0-0: Ball 1-0: Foul Ball, location: 2F 1-1: Ball 2-1: Fly out, F9 (Line Drive, 9, EV 100.0 MPH)
|
Batting: RHB Joe Carter
|
0-0: Ball 1-0: 2-RUN HOME RUN (Flyball, 7D, EV 100.6 MPH), Distance : 371 ft
|
Batting: LHB Dave Falcone
|
0-0: Ball 1-0: Ball 2-0: Swinging Strike 2-1: Called Strike 2-2: Ball 3-2: Foul Ball, location: 2F 3-2: Base on Balls
|
Batting: RHB Tom Brookens
|
0-0: Ball 1-0: Swinging Strike 1-1: Foul Ball, location: 2F 1-2: Fly out, F8 (Flyball, 8LM, EV 80.0 MPH)
|
Bottom of the 4th over - 2 runs, 2 hits, 0 errors, 1 left on base; Louisville 2 - Rochester 4 |
TOP OF THE 5TH |
Louisville Stallions batting - Pitching for Rochester Red Wings : RHP Nelson Sanchez
|
Batting: RHB Gordy Hodgson
|
0-0: Ground out 6-3 (Groundball, 6, EV 99.4 MPH)
|
Batting: RHB Kiko Garcia
|
0-0: Ball 1-0: Called Strike 1-1: Ball 2-1: Foul Ball, location: 2F 2-2: Strikes out swinging
|
Batting: RHB Stephen Dembowski
|
0-0: Foul Ball, location: 2F 0-1: Ball 1-1: Ball 2-1: Swinging Strike 2-2: Ball 3-2: Strikes out swinging
|
Top of the 5th over - 0 runs, 0 hits, 0 errors, 0 left on base; Louisville 2 - Rochester 4 |
BOTTOM OF THE 5TH |
Rochester Red Wings batting - Pitching for Louisville Stallions : RHP Andy McGaffigan
|
Batting: RHB Jerry Dybzinski
|
0-0: Ball 1-0: SINGLE (Line Drive, 78M, EV 93.1 MPH)
|
Batting: RHB Johnnie LeMaster
|
0-0: Ball Jerry Dybzinski steals 2nd base 1-0: DOUBLE (Groundball, 3L, EV 101.9 MPH) Jerry Dybzinski scores
|
Pitching: RHP Rob Biagini
|
|
Batting: LHB Ed Amelung
|
0-0: Ball 1-0: Foul Ball, location: 2F 1-1: Ball 2-1: Fly out, F8 (Flyball, 89D, EV 91.9 MPH) Runner from 2nd tags up, SAFE at 3rd, no throw by CF
|
Batting: SHB Jordan Ayala
|
0-0: Ground out 6-3 (Groundball, 6, EV 96.9 MPH) Johnnie LeMaster scores
|
Batting: RHB Gerry Davis
|
0-0: Foul Ball, location: 2F 0-1: Ball 1-1: Swinging Strike 1-2: Ball 2-2: SINGLE (Groundball, 5S, EV 68.1 MPH) (infield hit)
|
Batting: LHB Sid Bream
|
0-0: Fly out, F7 (Line Drive, 7, EV 93.1 MPH)
|
Bottom of the 5th over - 2 runs, 3 hits, 0 errors, 1 left on base; Louisville 2 - Rochester 6 |
TOP OF THE 6TH |
Louisville Stallions batting - Pitching for Rochester Red Wings : RHP Nelson Sanchez
|
Batting: LHB Steven Mobberley
|
0-0: Foul Ball, location: 2F 0-1: Ball 1-1: Ball 2-1: Ground out U3 (Groundball, 3S, EV 93.1 MPH)
|
Batting: SHB Orestes Destrade
|
0-0: Ground out 4-3 (Groundball, 4, EV 85.0 MPH)
|
Batting: LHB Lawrence Grahek
|
0-0: Fly out, F8 (Flyball, 8LM, EV 87.5 MPH)
|
Top of the 6th over - 0 runs, 0 hits, 0 errors, 0 left on base; Louisville 2 - Rochester 6 |
BOTTOM OF THE 6TH |
Rochester Red Wings batting - Pitching for Louisville Stallions : RHP Rob Biagini
|
Batting: RHB Joe Carter
|
0-0: Ball 1-0: Fly out, F6 (Flyball, 6D, EV 90.0 MPH)
|
Batting: LHB Dave Falcone
|
0-0: Ground out 4-3 (Groundball, 34, EV 107.5 MPH)
|
Batting: RHB Tom Brookens
|
0-0: Foul Ball, location: 2F 0-1: Foul Ball, location: 2F 0-2: Fly out, F8 (Line Drive, 8RD, EV 85.0 MPH)
|
Bottom of the 6th over - 0 runs, 0 hits, 0 errors, 0 left on base; Louisville 2 - Rochester 6 |
TOP OF THE 7TH |
Louisville Stallions batting - Pitching for Rochester Red Wings : RHP Nelson Sanchez
|
Batting: RHB Devin Pike
|
0-0: Ball 1-0: Called Strike 1-1: Fly out, F9 (Flyball, 9LM, EV 93.8 MPH)
|
Batting: LHB Joe Lefebvre
|
0-0: Called Strike 0-1: SINGLE (Line Drive, 56D, EV 100.6 MPH)
|
Batting: LHB John Tucker
|
0-0: Called Strike 0-1: Ball 1-1: Ball 2-1: Called Strike 2-2: Strikes out swinging
|
Batting: RHB Gordy Hodgson
|
0-0: Swinging Strike 0-1: Called Strike 0-2: Ball 1-2: Foul Ball, location: 2F 1-2: Strikes out looking
|
Top of the 7th over - 0 runs, 1 hit, 0 errors, 1 left on base; Louisville 2 - Rochester 6 |
BOTTOM OF THE 7TH |
Rochester Red Wings batting - Pitching for Louisville Stallions : RHP Rob Biagini
|
Batting: RHB Jerry Dybzinski
|
0-0: Ball 1-0: Ball 2-0: Ball 3-0: Base on Balls
|
Batting: RHB Johnnie LeMaster
|
0-0: Ball 1-0: Ball 2-0: Ball 3-0: Base on Balls Jerry Dybzinski to second
|
Batting: LHB Ed Amelung
|
0-0: Ball 1-0: Ball 2-0: Ball 3-0: Called Strike 3-1: Foul Ball, location: 2F 3-2: Fielders Choice at 2nd, 6-4 (Groundball, 6M, EV 87.5 MPH) Jerry Dybzinski to third
|
Batting: SHB Jordan Ayala
|
0-0: Ball 1-0: Ball 2-0: Called Strike 2-1: Called Strike 2-2: Ball 3-2: SINGLE (Line Drive, 89S, EV 93.1 MPH) Jerry Dybzinski scores Ed Amelung to second Runner from 2nd tries for 3rd, SAFE, throw by RF made to third
|
Batting: RHB Gerry Davis
|
0-0: Ball Jordan Ayala steals 2nd base 1-0: Ball 2-0: Called Strike 2-1: Ball 3-1: Base on Balls
|
Batting: LHB Sid Bream
|
0-0: Ball 1-0: Ball 2-0: Foul Ball, location: 2F 2-1: Ball 3-1: Fielders Choice at 2nd, 3-6 (Groundball, 34S, EV 94.4 MPH) Ed Amelung scores Jordan Ayala to third
|
Batting: RHB Joe Carter
|
0-0: Ball 1-0: Ground out 5-3 (Groundball, 56S, EV 76.9 MPH)
|
Bottom of the 7th over - 2 runs, 1 hit, 0 errors, 2 left on base; Louisville 2 - Rochester 8 |
TOP OF THE 8TH |
Louisville Stallions batting - Pitching for Rochester Red Wings : RHP Nelson Sanchez
|
Batting: RHB Kiko Garcia
|
0-0: Fly out, F7 (Line Drive, 7, EV 94.4 MPH)
|
Batting: RHB Stephen Dembowski
|
0-0: Called Strike 0-1: Called Strike 0-2: Strikes out swinging
|
Batting: LHB Steven Mobberley
|
0-0: Ball 1-0: Ball 2-0: Foul Ball, location: 2F 2-1: SINGLE (Groundball, 34D, EV 103.1 MPH)
|
Batting: SHB Orestes Destrade
|
0-0: Ball Wild Pitch! Steven Mobberley to second 1-0: Ball 2-0: Called Strike 2-1: Swinging Strike 2-2: Ground out 4-3 (Groundball, 4, EV 78.8 MPH)
|
Top of the 8th over - 0 runs, 1 hit, 0 errors, 1 left on base; Louisville 2 - Rochester 8 |
BOTTOM OF THE 8TH |
Rochester Red Wings batting - Pitching for Louisville Stallions : RHP Rob Biagini
|
Batting: LHB Dave Falcone
|
0-0: Ball 1-0: Foul Ball, location: 2F 1-1: Ball 2-1: Swinging Strike 2-2: Strikes out swinging
|
Batting: RHB Tom Brookens
|
0-0: Called Strike 0-1: Ball 1-1: Ball 2-1: DOUBLE (Flyball, 78XD, EV 101.9 MPH)
|
Batting: RHB Jerry Dybzinski
|
0-0: Ball 1-0: Ball 2-0: Swinging Strike 2-1: Ball 3-1: Called Strike 3-2: Foul Ball, location: 2F 3-2: Base on Balls
|
Pitching: RHP Don Welchel
|
|
Batting: RHB Johnnie LeMaster
|
0-0: Ball 1-0: SINGLE (Groundball, 56D, EV 105.0 MPH) (infield hit) Tom Brookens to third Jerry Dybzinski to second
|
Batting: LHB Ed Amelung
|
0-0: Ball 1-0: Ball 2-0: Foul Ball, location: 2F 2-1: Foul Ball, location: 2F 2-2: Ball 3-2: Base on Balls Tom Brookens scores Jerry Dybzinski to third Johnnie LeMaster to second
|
Pinch Hitting: RHB Chris Johnston
|
0-0: Ball 1-0: Ball 2-0: SINGLE (Line Drive, 56D, EV 97.5 MPH) Jerry Dybzinski scores Johnnie LeMaster to third Ed Amelung to second Runner from 3rd tries for Home, SAFE, throw by LF to home
|
Batting: RHB Gerry Davis
|
0-0: Called Strike 0-1: Ball 1-1: Foul Ball, location: 2F 1-2: Foul Ball, location: 2F 1-2: Strikes out swinging
|
Batting: LHB Sid Bream
|
0-0: Called Strike 0-1: SINGLE (Groundball, 34D, EV 109.4 MPH) Ed Amelung to third Chris Johnston to second Runner from 3rd tries for Home, throw by RF and OUT! 9-2
|
Bottom of the 8th over - 3 runs, 4 hits, 0 errors, 2 left on base; Louisville 2 - Rochester 11 |
TOP OF THE 9TH |
Louisville Stallions batting - Pitching for Rochester Red Wings : RHP Nelson Sanchez
|
Now in LF: Chris Johnston
|
|
Batting: LHB Lawrence Grahek
|
0-0: Called Strike 0-1: Fly out, F3 (Line Drive, 3, EV 68.1 MPH)
|
Pinch Hitting: SHB Larry Doby
|
0-0: Called Strike 0-1: Called Strike 0-2: Foul Ball, location: 2F 0-2: Strikes out swinging
|
Batting: LHB Joe Lefebvre
|
0-0: Ball 1-0: Swinging Strike 1-1: Swinging Strike 1-2: Ball 2-2: Fly out, F2 (Popup, 5SF, EV 83.8 MPH)
|
Top of the 9th over - 0 runs, 0 hits, 0 errors, 0 left on base; Louisville 2 - Rochester 11 |
|